Workbook
Name Acciones_Categoría_3: '[1]Ponderaciones y parámetros'!$K$6:$N$6
Name Nombre: #REF!
Name Nombre: #REF!
Name Simulador: [1]Listas!$B$2:$B$4

Sheet Inicio
C2: AUTODIAGNÓSTICO DE GESTIÓN
C4: POLÍTICA CONTROL INTERNO
D7: INSTRUCCIONES DE DILIGENCIAMIENTO
D10: AUTODIAGNÓSTICO
D13: PLAN DE ACCIÓN

Sheet Instrucciones
C3: AUTODIAGNÓSTICO DE GESTIÓN POLÍTICA DE CONTROL INTERNO
C5: INSTRUCCIONES DE DILIGENCIAMIENTO
C7: Este archivo hace parte de un conjunto de herramientas de Autodiagnóstico que permitirán a cada entidad desarrollar un ejercicio de valoración del estado de cada una de las dimensiones en las cuales se estructura el Modelo Integrado de Gestión y Planeación, con el propósito de que la entidad logre contar con una línea base respecto a los aspectos que debe fortalecer, los cuales deben ser incluídos en su planeación institucional. Este puede ser utilizado en el momento en que lo considere pertinente, sin implicar esto reporte alguno a Función Pública, a otras instancias del Gobierno o a organismos de Control.
C12: A continuación, se explica en detalle como se debe diligenciar.
C15: Autodiagnóstico:
C17: Está compuesto por las siguientes columnas:
C19: - | D19: Componentes: son los grandes temas que enmarcan la política objeto de medición.
C20: - | D20: Calificación: puntaje automático obtenido como resultado de la autocalificación que haga en el avance de la política.
C21: - | D21: Categoría: corresponde a las acciones que la entidad debe contemplar para el avance de la respectiva política.
C22: - | D22: Calificación: puntaje automatico obtenido como resultado de la autocalificación que haga en el avance de la política.
C23: - | D23: Actividades de Gestión: son las actividades puntuales que la entidad debe estar implementando para considerar el avance en la implementación de la política.
C24: - | D24: Puntaje: es la casilla donde la entidad se autocalificará de acuerdo con las actividades descritas, en una escala de 0 a 100
C25: - | D25: Observaciones: en este espacio, podrá hacer las anotaciones o comentarios que considere pertinentes
C27: Las ÚNICAS celdas que debe diligenciar son la del nombre de la Entidad y la columna de Puntaje (resaltada en azúl). La de observaciones de manera opcional si lo considera necesario.
C29: Para la calificación, se estableció una escala de 5 niveles así:
C31: Puntaje | D31: Nivel | E31: Color
C32: 0 - 20 | D32: 1
C33: 21 - 40 | D33: 2
C34: 41 - 60 | D34: 3
C35: 61- 80 | D35: 4
C36: 81- 100 | D36: 5
C38: Cuando se ingresa un puntaje, esa columna automáticamente mostrará el color que corresponde según la escala anterior. Así mismo, la calificación de las categorías, de los componentes y la calificación total se generan automáticamente. Recuerde sólo ingresar puntajes de 0 a 100
C41: Los resultados finales solo reflejarán el resultado de los puntajes diligenciados. Si alguna casilla se deja en blanco, no contará para los resultados
C43: Si usted considera que alguna de las actividades no aplica para su Entidad por sus características particulares, no diligencie puntaje, y en la columna Observaciones escriba "No aplica". Por ejemplo, si en su entidad no se efectúan negociaciones colectivas por no haber sindicatos, en el ítem "Negociación Colectiva" usted no deberá ingresar ningún puntaje y deberá escribir en la columna Observaciones "No aplica"
C47: ES MUY IMPORTANTE que los puntajes ingresados sean lo más objetivos posible, y que exista un soporte para cada uno de ellos. El propósito principal es identificar oportunidades de mejora, para lo cual es fundamental ser objetivos en los puntajes ingresados.
C50: Cuando finalice de calificar las actividades de gestión, podrá ver de manera gráfica los principales resultados, haciendo click en el botón GRÁFICAS, o regresar al menú principal.
C53: Gráficas:
C55: En esta hoja se podrán visualizar de una manera más clara y sencilla los resultados obtenidos. Estas se generarán automáticamente una vez sea diligenciado el autodiagnóstico.
C57: En la primera gráfica, se muestra el puntaje total obtenido por la entidad, comparado con cada uno de los niveles de calificación. De esta manera podrá visualizar en que nivel se encuentra actualmente y cuantos le faltan para alcanzar el maximo puntaje.
C60: En la segunda gráfica se presentan las calificaciones obtenidas por cada uno de los componentes que integran la política. Igualmente se comparan con los 5 niveles establecidos.
C62: Y por último, se muestra la calificación por categorías. Dado que el número de categorías es muy grande, se dividieron en varias gráficas.
C65: En conjunto, estos resultados le permitirán identificar cuales son las categorías y componentes que presentan un mayor rezago, o cuya implementación está más retrasada, y así poder centrar su prioridad al momento de realizar el plan de implementación.
C69: Plan de Acción:
... C75: Planeación y Ruta de acción (color naranja): la idea es generar un plan de acción con base en el diagnóstico realizado. Los elementos mínimos que se proponen para ello, son:
C77: - | D77: Diseñar alternativas de mejora
C78: - | D78: Definir las mejoras a implementar, incluyendo el plazo y los responsables de la implementación
C79: - | D79: Evaluar la eficacia de las acciones implementadas y volver a diligenciar el autodiagnóstico
C81: Aunque el cuadro puede ser diligenciado en su totalidad, se recomienda iniciar y darle prioridad a aquellas actividades que obtuvieron menores puntajes y que se encuentran en color rojo, naranja y amarillo.
K92: INICIO

Sheet Autodiagnóstico
C4: AUTODIAGNÓSTICO GESTIÓN POLÍTICA DE CONTROL INTERNO
C6: ENTIDAD | G6: CALIFICACIÓN TOTAL
C7: AGUAS DEL CESAR S.A E.S.P | G7: =IF(SUM(H11:H129)=0,"",AVERAGE(H11:H129)) -> 77.62931
C9: COMPONENTES | D9: CALIFICACIÓN | E9: CATEGORÍAS | F9: CALIFICACIÓN | G9: ACTIVIDADES DE GESTIÓN | H9: PUNTAJE (0 - 100) | I9: OBSERVACIONES
C11: Ambiente de Control | D11: =IF(SUM(H11:H35)=0,"",AVERAGE(H11:H35)) -> 77.045455 | E11: Diseño adecuado y efectivo del componente Ambiente de Control | F11: =IF(SUM(H11:H15)=0,"",AVERAGE(H11:H15)) -> 86 | G11: Demostrar el compromiso con la integridad (valores) y principios del servicio público, por parte detodos los servidores de la entidad, independientemente de las funciones que desepeñan | H11: 80 | I11: El Codigo de integridad se encuentra debidamente ajustado de acuerdo a los nuevos parametros expedidos por la Funcion Publica
G12: Cumplir las funciones de supervisión del desempeño del Sistema de Control Interno y determinar las mejoras a que haya lugar, por parte del Comité Institucional de Coordinación de Control Interno | H12: 80 | I12: La entidad tiene conformado y se reune en el Comité Institucional de Coordinacion de Control Interno y el Municipal de Auditoria, de conformidad con los articulos 2.2.21.1.5 y 2.2.21.3.14 del Decreto 648 de 2017. | L12: INICIO
G13: Asumir la responsabilidad y el compromiso de establecer los niveles de responsabilidad y autoridad apropiados para la consecución de los objetivos institucionales, por parte de la alta dirección | H13: 90 | I13: Las funciones de Control Interno de la entidad se encuentran descrita en el Manual de Funciones y es responsable el Jefe de Control Interno del SIVA SAS.
G14: Dar carácter estratégico a la gestión del talento humano de manera que todas sus actividades estén alineadas con los objetivos de la entidad | H14: 90 | I14: Se realiza seguimiento al Plan de Bienestar Social Laboral y del Plan Institucional de Capacitacion, los cuales fueron adoptados mediante Resolucion Nº de 2018, y se encuentran en desarrolo el Plan estrategico de talento humano, el Plan Anual de vacantes y el Plan de previson de Recursos Humanos
G15: Asignar en personas idóneas, las responsabilidades para la gestión de los riesgos y del control | H15: 90 | I15: El Jefe de Control Interno de la entidad ha asistido a eventos de Capacitacion de Control Interno que han servido de apoyo en materia de presentacion de informes. | L15: GRÁFICAS
E16: Responsabilidades de la Alta dirección y Comité Institucional de Coordinación de Control Interno (línea estratégica) | F16: =IF(SUM(H16:H19)=0,"",AVERAGE(H16:H19)) -> 70 | G16: Cumplir con los estándares de conducta y la práctica de los principios del servicio público | H16: 60 | I16: El Comité Institucional de Coordinacion de Control Interno debe ser ajustado de acuerdo a lo estipulado en la normatividad establecida en el MIPG
G17: Orientar el Direccionamiento Estratégico y la Planeación Institucional | H17: 70 | I17: El Comité Institucional de Coordinacion de Control Interno debe ser ajustado de acuerdo a lo estipulado en la normatividad establecida en el MIPG
G18: Determinar las políticas y estrategias que aseguran que la estructura, procesos, autoridad y responsabilidad estén claramente definidas para el logro de los objetivos de la entidad | H18: 70 | I18: El Comité Institucional de Coordinacion de Control Interno debe ser ajustado de acuerdo a lo estipulado en la normatividad establecida en el MIPG
G19: Desarrollar los mecanismos incorporados en la Gestión Estratégica del Talento Humano | H19: 80 | I19: El Comité Institucional de Coordinacion de Control Interno debe ser ajustado de acuerdo a lo estipulado en la normatividad establecida en el MIPG
E20: Responsabilidades gerentes públicos y líderes de proceso (primera Línea de defensa) | F20: =IF(SUM(H20:H24)=0,"",AVERAGE(H20:H24)) -> 73.333333 | G20: Promover y cumplir, a través de su ejemplo, los estándares de conducta y la práctica de los principios del servicio público, en el marco de integridad | H20: 70 | I20: El Codigo de integridad se encuentra debidamente ajustado de acuerdo a los nuevos parametros expedidos por la Funcion Publica
G21: Evaluar el cumplimiento de los estándares de conducta y la práctica de la integridad (valores) y principios del servicio público de sus equipos de trabajo | H21: 70 | I21: El Codigo de integridad se encuentra debidamente ajustado de acuerdo a los nuevos parametros expedidos por la Funcion Publica
G22: Proveer información a la alta dirección sobre el funcionamiento de la entidad y el desempeño de los responsables en el cumplimiento de los objetivos, para tomar decisiones a que haya lugar | H22: 80 | I22: Los lideres de procesos encargados controlan las actividades y presentan los respectivos informes para la rendicion de cuentas.
G23: Cumplir las políticas y estrategias establecidas para el desarrollo de los servidores a su cargo, evaluar su desempeño y establecer las medidas de mejora
G24: Asegurar que las personas y actividades a su cargo, estén adecuadamente alineadas con la administración
E25: Responsabilidades de los servidores encargados del monitoreo y evaluación de controles y gestión del riesgo (segunda línea de defensa) | F25: =IF(SUM(H25:H30)=0,"",AVERAGE(H25:H30)) -> 75 | G25: Aplicar los estándares de conducta e Integridad (valores) y los principios del servicio público | H25: 60 | I25: Fortalecer las capacitaciones en el tema
G26: Facilitar la implementación, monitorear la apropiación de dichos estándares por parte de los servidores públicos y alertar a los líderes de proceso, cuando sea el caso | H26: 80 | I26: La responsabilidad para garantizar el cumplimiento de la ejecucion de los contratos se delega en los supervisores e interventores y se respalda con garantias exigidas.
G27: Apoyar a la alta dirección, los gerentes públicos y los líderes de proceso para un adecuado y efectivo ejercicio de la gestión de los riesgos que afectan el cumplimiento de los objetivos y metas organizacionales | H27: 80 | I27: se realiza seguimiento a la matriz de riesgo institucional. En los estudios previos se realiza el analisis de riesgos para la definicion de los respectivos controles.
G28: Trabajar coordinadamente con los directivos y demás responsables del cumplimiento de los objetivos de la entidad | H28: 75 | I28: Los Interventores contratados y Supervisores de los contratos son los lideres de los procesos internos encargados presentan los informes y certificaciones de interventoria y supervision.
G29: Monitorear y supervisar el cumplimiento e impacto del plan de desarrollo del talento humano y determinar las acciones de mejora correspondientes, por parte del área de talento humano | H29: 80
G30: Analizar e informar a la alta dirección, los gerentes públicos y los líderes de proceso sobre los resultados de la evaluación del desempeño y se toman acciones de mejora y planes de mejoramiento individuales, rotación de personal | I30: Revisar si las evaluaciones son solo para carrera administrativa
E31: Responsabilidades del área de control interno (tercera línea de defensa) | F31: =IF(SUM(H31:H35)=0,"",AVERAGE(H31:H35)) -> 78 | G31: Evaluar la eficacia de las estrategias de la entidad para promover la integridad en el servicio público, especialmente, si con ella se orienta efectivamente el comportamiento de los servidores hacia el cumplimiento de los estándares de conducta e Integridad (valores) y los principios del servicio público; y si apalancan una gestión permanente de los riesgos y la eficacia de los controles | H31: 70 | I31: Se promueve actividades de formacion y capacitacion para la implementacion del Modelo Integrado de Planeacion y Gestion y su dimension central. Talento Humano. Fortalecer política de integridad en relación al los conflictos de interés.
G32: Evaluar el diseño y efectividad de los controles y provee información a la alta dirección y al Comité de Coordinación de Control Interno referente a la efectividad y utilidad de los mismos | H32: 80 | I32: Se diligencio el Formato Unico de Reporte de Avance de la Gestion Publica FURAG como punto de partida. Los resultados fueron socializados al interior de la entidad.
G33: Proporcionar información sobre la idoneidad y efectividad del esquema operativo de la entidad, el flujo de información, las políticas de operación, y en general, el ejercicio de las responsabilidades en la consecución de los objetivos | H33: 80
G34: Ejercer la auditoría interna de manera técnica y acorde con las políticas y prácticas apropiadas | H34: 80
G35: Proporcionar información sobre el cumplimiento de responsabilidades específicas de control interno | H35: 80
C36: Gestión de los riesgos institucionales | D36: =IF(SUM(H36:H63)=0,"",AVERAGE(H36:H63)) -> 73.035714 | E36: Diseño adecuado y efectivo del componente Gestión de Riesgos | F36: =IF(SUM(H36:H40)=0,"",AVERAGE(H36:H40)) -> 74 | G36: Identificar acontecimientos potenciales que, de ocurrir, afectarían a la entidad | H36: 75 | I36: Se cuenta con la matriz de riesgos institucional donde se encuentran identificados.
G37: Brindar atención prioritaria a los riesgos de carácter negativo y de mayor impacto potencial | H37: 75 | I37: Se formularon acciones para contrarrestar los riesgos de corrupcion, a los cuales se realiza seguimiento.
G38: Considerar la probabilidad de fraude que pueda afectar la adecuada gestión institucional | H38: 60
G39: Identificar y evaluar los cambios que pueden afectar los riesgos al Sistema de Control Interno | H39: 80 | I39: Se cuenta con la matriz de riesgos institucional donde se encuentran identificados.
G40: Dar cumplimiento al artículo 73 de la Ley 1474 de 2011, relacionado con la prevención de los riesgos de corrupción, - mapa de riesgos de corrupción. | H40: 80 | I40: El mapa de riesgos de corrupcion se elaboro de acuerdo con el documento "Guia para la gestion del riesgo de corrupcion" falta ajustrlo a la última guía.
E41: Responsabilidades de la Alta dirección y Comité Institucional de Coordinación de Control Interno (línea estratégica) | F41: =IF(SUM(H41:H45)=0,"",AVERAGE(H41:H45)) -> 75 | G41: Establecer objetivos institucionales alineados con el propósito fundamental, metas y estrategias de la entidad | H41: 65 | I41: Los objetivos institucionales se revisarán y se ajustarán conforme al objeto social de la entidad en en el marco del PDA
G42: Establecer la Política de Administración del Riesgo | H42: 80 | I42: Se encuentra establecida en la entidad, se debe actualizar.
G43: Asumir la responsabilidad primaria del Sistema de Control Interno y de la identificación y evaluación de los cambios que podrían tener un impacto significativo en el mismo | H43: 80 | I43: De conformidad con lo dispuesto en el articulo 6 de la Ley 87 de 1.993, el establecimiento y desarrollo del Sistema de Control Interno en los Organismos y Entidades publicas, sera responsabilidad del representante legal o maximo directivo correspondiente. No obstante la aplicacion de metodos y procedimientos al igual que la calidad, eficiencia y eficacia del Control Interno, tambien sera de responsabilidad de los jefes de cada una de las distintas dependencias de las entidades y organismos.
G44: Específicamente el Comité Institucional de Coordinación de Control Interno, evaluar y dar línea sobre la administración de los riesgos en la entidad | H44: 70 | I44: El Comité Institucional de Coordinacion de Control Interno debe ser ajustado de acuerdo a lo estipulado en la normatividad establecida en el MIPG
G45: Realimentar a la alta dirección sobre el monitoreo y efectividad de la gestión del riesgo y de los controles. Así mismo, hacer seguimiento a su gestión, gestionar los riesgos y aplicar los controles | H45: 80 | I45: El Comité Institucional de Coordinacion de Control Interno debe ser ajustado de acuerdo a lo estipulado en la normatividad establecida en el MIPG
E46: Responsabilidades gerentes públicos y líderes de proceso (primera Línea de defensa) | F46: =IF(SUM(H46:H49)=0,"",AVERAGE(H46:H49)) -> 67.5 | G46: Identificar y valorar los riesgos que pueden afectar el logro de los objetivos institucionales | H46: 70 | I46: Los lideres de los procesos participan en la identificacion y valoracion de riesgos de corrupcion. Los riesgos por proceso se deben fortalecer.
G47: Definen y diseñan los controles a los riesgos | H47: 70 | I47: Los mapas de riesgos por proceso deben ser revisados y ajustados teniendo en cuenta las disposiciones del nuevo modelo integrado de planeacion y gestion MIPG.
G48: A partir de la política de administración del riesgo, establecer sistemas de gestión de riesgos y las responsabilidades para controlar riesgos específicos bajo la supervisión de la alta dirección. Con base en esto, establecen los mapas de riesgos | H48: 70 | I48: En el mapa de riesgos de corrupcion se han identificado acciones, responsables y plazos tanto para la ejecucion de las actividades como para el seguimiento de las mismas.
G49: Identificar y controlar los riesgos relacionados con posibles actos de corrupción en el ejercicio de sus funciones y el cumplimiento de sus objetivos, así como en la prestación del servicio y/o relacionados con el logro de los objetivos. Implementan procesos para identificar, disuadir y detectar fraudes; y revisan la exposición de la entidad al fraude con el auditor interno de la entidad | H49: 60
E50: Responsabilidades de los servidores encargados del monitoreo y evaluación de controles y gestión del riesgo (segunda línea de defensa) | F50: =IF(SUM(H50:H58)=0,"",AVERAGE(H50:H58)) -> 73.333333 | G50: Informar sobre la incidencia de los riesgos en el logro de objetivos y evaluar si la valoración del riesgo es la apropiada | H50: 60
G51: Asegurar que las evaluaciones de riesgo y control incluyan riesgos de fraude | H51: 60 | I51: Ante el riesgo de fraude no se encuentra identificado de manera explicita.
G52: Ayudar a la primera línea con evaluaciones del impacto de los cambios en el SCI | H52: 70
G53: Monitorear cambios en el riesgo legal, regulatorio y de cumplimiento | H53: 80 | I53: Los supervisores e interventores de los contratos realizan seguimiento a los riesgos identificados en el desarrollo del contrato.
G54: Consolidar los seguimientos a los mapas de riesgo | H54: 80 | I54: El seguimiento a los mapas de riesgos de corrupcion, se realiza cada cuatro (4) meses por parte de la encargada del area de planeacion que apoya la gestion de la Gerencia.
G55: Establecer un líder de la gestión de riesgos para coordinar las actividades en esta materia | H55: 80 | I55: El seguimiento a los mapas de riesgos de corrupcion, se realiza cada cuatro (4) meses por parte de la encargada del area de planeacion que apoya la gestion de la Gerencia.
G56: Elaborar informes consolidados para las diversas partes interesadas | H56: 80 | I56: El seguimiento a los mapas de riesgos de corrupcion, se realiza cada cuatro (4) meses. Los riesgos de la contratacion se verifican en los informes de supervision e interventoria.
G57: Seguir los resultados de las acciones emprendidas para mitigar los riesgos, cuando haya lugar | H57: 80 | I57: El seguimiento a los mapas de riesgos de corrupcion, se realiza cada cuatro (4) meses. Los riesgos de la contratacion se verifican en los informes de supervision e interventoria.
G58: Los supervisores e interventores de contratos deben realizar seguimiento a los riesgos de estos e informar las alertas respectivas | H58: 70 | I58: Los riesgos de la contratacion se verifican en los informes de supervision e interventoria.
E59: Responsabilidades del área de control interno | F59: =IF(SUM(H59:H63)=0,"",AVERAGE(H59:H63)) -> 74 | G59: Asesorar en metodologías para la identificación y administración de los riesgos, en coordinación con la segunda línea de defensa | H59: 80 | I59: Se hace asesoría metodologica a la entidad para la identificacion de riesgos es la Guia para la Gestion del riesgo de corrupcion
G60: Identificar y evaluar cambios que podrían tener un impacto significativo en el SCI, durante las evaluaciones periódicas de riesgos y en el curso del trabajo de auditoría interna | H60: 80 | I60: Se realiza evalación semestral
G61: Comunicar al Comité de Coordinación de Control Interno posibles cambios e impactos en la evaluación del riesgo, detectados en las auditorías | H61: 70 | I61: El comité de Coordinacion de control interno se encuentra activo y alerta sobre los posibles cambios e impactos en la sesiones que se adelante en la entidad.
G62: Revisar la efectividad y la aplicación de controles, planes de contingencia y actividades de monitoreo vinculadas a riesgos claves de la entidad | H62: 80 | I62: El mapa de riesgos de corrupcion se actualiza anualmente y se realiza seguimiento cada cuatro (4) meses.
G63: Alertar sobre la probabilidad de riesgo de fraude o corrupción en las áreas auditadas | H63: 60 | I63: Se presentan informes cuatrimestrales en cumplimiento del articulo 9 de la Ley 1474 de 2011. Estatuto Anticorrupcion.
C64: Actividades de Control | D64: =IF(SUM(H64:H86)=0,"",AVERAGE(H64:H86)) -> 69.782609 | E64: Diseño adecuado y efectivo del componente Actividades de Control | F64: =IF(SUM(H64:H66)=0,"",AVERAGE(H64:H66)) -> 70 | G64: Determinar acciones que contribuyan a mitigar todos los riesgos institucionales | H64: 70 | I64: Los mapas de riesgos por proceso deben ser revisados y ajustados teniendo en cuenta las disposiciones del nuevo modelo integrado de planeacion y gestion MIPG. Se identifican y se realiza seguimiento a los mapas de riesgo de corrupcion.
G65: Definir controles en materia de tecnologías de la información y la comunicación TIC. | H65: 60 | I65: Se deben incluir en el mapa anticorrupción
G66: Implementar políticas de operación mediante procedimientos u otros mecanismos que den cuenta de su aplicación en materia de control | H66: 80
E67: Responsabilidades de la Alta dirección y Comité Institucional de Coordinación de Control Interno (línea estratégica) | F67: =IF(SUM(H67:H68)=0,"",AVERAGE(H67:H68)) -> 70 | G67: Establecer las políticas de operación encaminadas a controlar los riesgos que pueden llegar a incidir en el cumplimiento de los objetivos institucionales | H67: 70
G68: Hacer seguimiento a la adopción, implementación y aplicación de controles | H68: 70 | I68: Se realiza seguimiento a los controles establecidos con base en el mapa de riesgos de corrupcion
E69: Responsabilidades gerentes públicos y líderes de proceso (primera Línea de defensa) | F69: =IF(SUM(H69:H73)=0,"",AVERAGE(H69:H73)) -> 73 | G69: Mantener controles internos efectivos para ejecutar procedimientos de riesgo y control en el día a día | H69: 75 | I69: Los controles de riesgo por proceso deben ser revisados y actualizados.
G70: Diseñar e implementar procedimientos detallados que sirvan como controles, a través de una estructura de responsabilidad en cascada, y supervisar la ejecución de esos procedimientos por parte de los servidores públicos a su cargo | H70: 70 | I70: Con la dopcion de MIPG los procedimientos deben ser revisados y ajustados.
G71: Establecer responsabilidades por las actividades de control y asegurar que personas competentes, con autoridad suficiente, efectúen dichas actividades con diligencia y de manera oportuna | H71: 80
G72: Asegurar que el personal responsable investigue y actúe sobre asuntos identificados como resultado de la ejecución de actividades de control | H72: 70 | I72: Se debe sensibilizar y capacitar al personal en la nueva estructura de operación por procesos y la importancia de su participacion activa en la mejora continua de la misma.
G73: Diseñar e implementar las respectivas actividades de control. Esto incluye reajustar y comunicar políticas y procedimientos relacionados con la tecnología y asegurar que los controles de TI son adecuados para apoyar el logro de los objetivos | H73: 70
E74: Responsabilidades de los servidores encargados del monitoreo y evaluación de controles y gestión del riesgo (segunda línea de defensa) | F74: =IF(SUM(H74:H81)=0,"",AVERAGE(H74:H81)) -> 70 | G74: Supervisar el cumplimiento de las políticas y procedimientos específicos establecidos por los gerentes públicos y líderes de proceso | H74: 80 | I74: Se realiza la supervisión de las politícas implementadas.
G75: Asistir a la gerencia operativa en el desarrollo y comunicación de políticas y procedimientos | H75: 70 | I75: Se hace acompañamiento permanente en las mesas de trabajo y en los seguimiento que se realizan conforme al programa anual de auditoría.
G76: Asegurar que los riesgos son monitoreados en relación con la política de administración de riesgo establecida para la entidad | H76: 70 | I76: Se realiza el seguimeinto eestablecido en normatividad.
G77: Revisar periódicamente las actividades de control para determinar su relevancia y actualizarlas de ser necesario | H77: 80 | I77: Se realiza revisión periodica a las actividades de control de la entidad.
G78: Supervisar el cumplimiento de las políticas y procedimientos específicos establecidos por la primera línea | H78: 80 | I78: Se realiza revisión periodica a las actividades de control de la entidad.
G79: Realizar monitoreo de los riesgos y controles tecnológicos | H79: 60 | I79: Los riesgos tecnologicos se identificarán en el Modelo de Seguridad y Privacidad de la información
G80: Grupos como los departamentos de seguridad de la información también pueden desempeñar papeles importantes en la selección, desarrollo y mantenimiento de controles sobre la tecnología, según lo designado por la administración | H80: 60 | I80: Se debe fortalecer el área de recursos informaticos.
G81: Establecer procesos para monitorear y evaluar el desarrollo de exposiciones al riesgo relacionadas con tecnología nueva y emergente | H81: 60 | I81: Se debe fortalecer el área de recursos informaticos.
E82: Responsabilidades del área de control interno | F82: =IF(SUM(H82:H86)=0,"",AVERAGE(H82:H86)) -> 66 | G82: Verificar que los controles están diseñados e implementados de manera efectiva y operen como se pretende para controlar los riesgos | H82: 60
G83: Suministrar recomendaciones para mejorar la eficiencia y eficacia de los controles. | H83: 70 | I83: Se presentan informes periodicos de ejecución de actividades, los cuales contienen las recomendaciones pertinentes y las conclusiones y compromisos.
G84: Proporcionar seguridad razonable con respecto al diseño e implementación de políticas, procedimientos y otros controles | H84: 65 | I84: Se asesora la elaboración de politicas. Los procedimientos deben ser creados en el marco del MIPG
G85: Evaluar si los procesos de gobierno de TI de la entidad apoyan las estrategias y los objetivos de la entidad | H85: 70 | I85: Los procesos TI no se encuentran identificados, se deben elaborar en coordinacion con el asesor delegado del MINTIC si es necesario.
G86: Proporcionar información sobre la eficiencia, efectividad e integridad de los controles tecnológicos y, según sea apropiado, puede recomendar mejoras a las actividades de control específicas | H86: 65 | I86: No han sido evaluados los controles tecnologicos
C87: Información y Comunicación | D87: =IF(SUM(H87:H106)=0,"",AVERAGE(H87:H106)) -> 82.75 | E87: Diseño adecuado y efectivo del componente Información y Comunicación | F87: =IF(SUM(H87:H89)=0,"",AVERAGE(H87:H89)) -> 76.666667 | G87: Obtener, generar y utilizar información relevante y de calidad para apoyar el funcionamiento del control interno. | H87: 70 | I87: La información que se toma como base, es la que se establece en la Ley 1712 de 2011 de Transparencia y Derecho de Acceso a la Información Publica.
G88: Comunicar internamente la información requerida para apoyar el funcionamiento del Sistema de Control Interno. | H88: 80
G89: Comunicarse con los grupos de valor, sobre los aspectos claves que afectan el funcionamiento del control interno. | H89: 80 | I89: Se mantiene las comunicación fluida según sea el caso.
E90: Responsabilidades de la Alta dirección y Comité Institucional de Coordinación de Control Interno (línea estratégica) | F90: =IF(SUM(H90:H91)=0,"",AVERAGE(H90:H91)) -> 75 | G90: Responder por la fiabilidad, integridad y seguridad de la información, incluyendo la información crítica de la entidad independientemente de cómo se almacene | H90: 80
G91: Establecer políticas apropiadas para el reporte de información fuera de la entidad y directrices sobre información de carácter reservado, personas autorizadas para brindar información, regulaciones de privacidad y tratamiento de datos personales, y en general todo lo relacionado con la comunicación de la información fuera de la entidad. | H91: 70 | I91: Se debe construir para ser adoptada la politica de seguridad y privacidad de la informacion por parte de los encargados del proceso en el marco del MIPG
E92: Responsabilidades gerentes públicos y líderes de proceso (primera Línea de defensa) | F92: =IF(SUM(H92:H97)=0,"",AVERAGE(H92:H97)) -> 84.166667 | G92: Gestionar información que da cuenta de las actividades cotidianas, compartiéndola en toda la entidad | H92: 90 | I92: Se suministra informacion por parte de los lideres de los procesos de acuerdo a los requerimientos de la Ley 1712 de 2018 y los realizados por la OCI
G93: Desarrollar y mantener procesos de comunicación facilitando que todas las personas entiendan y lleven a cabo sus responsabilidades de control interno | H93: 90 | I93: Se realiza de manera permanente sensibilizacion acerca de la importancia de la transparencia y el derecho de acceso a la informacion publica a funcionarios y contratistas invitando a crear una cultura de autocontrol y autoevaluación del servidor público.
G94: Facilitar canales de comunicación, tales como líneas de denuncia que permiten la comunicación anónima o confidencial, como complemento a los canales normales | H94: 90 | I94: Se cuenta con el formulario de atencion de peticiones, quejas y reclamos a la ciudadania a traves del sitio web institucional.
G95: Asegurar que entre los procesos fluya información relevante y oportuna, así como hacia los ciudadanos, organismos de control y otros externos | H95: 60 | I95: Debilidad en la documentación de los procesos y preocedimientos.
G96: Informar sobre la evaluación a la gestión institucional y a resultados | H96: 90 | I96: Se cuenta con instrumentos de transparencia activa y pasiva y se realiza los respectivos moniteros según lo establecido en el programa de auditoría de la entidad.
G97: Implementar métodos de comunicación efectiva | H97: 85 | I97: Se atiende el publico en las oficinas y en los punto de atencion de las obras en ejecucion. Se publica informacion en la pagina web institucional. Se tiene adoptada formalmente estrategia de atención al ciudadano, además de las mesas de trabajo.
E98: Responsabilidades de los servidores encargados del monitoreo y evaluación de controles y gestión del riesgo (segunda línea de defensa) | F98: =IF(SUM(H98:H102)=0,"",AVERAGE(H98:H102)) -> 84 | G98: Recopilar información y comunicarla de manera resumida a la primera y la tercera línea de defensa con respecto a controles específicos | H98: 90
G99: Considerar costos y beneficios, asegurando que la naturaleza, cantidad y precisión de la información comunicada sean proporcionales y apoyen el logro de los objetivos | H99: 80 | I99: Se realizan mesas de trabajo para socializar y retroalimentar con el fin de dar cumplimiento a los objetivos planteados
G100: Apoyar el monitoreo de canales de comunicación, incluyendo líneas telefónicas de denuncias | H100: 80 | I100: Se realiza seguimiento all informe de PQRSD
G101: Proporcionar a la gerencia información sobre los resultados de sus actividades | H101: 80 | I101: Se presentan informes de supervision e interventoria a solicitud del representante legal y organismos de control.
G102: Comunicar a la alta dirección asuntos que afectan el funcionamiento del control interno | H102: 90 | I102: Se comunica directamente a la Gerencia y se socializan los seguimientos realizados a los diferentes informes y según lo dispuesto en el plan de auditoría.
E103: Responsabilidades del área de control interno | F103: =IF(SUM(H103:H106)=0,"",AVERAGE(H103:H106)) -> 87.5 | G103: Evaluar periódicamente las prácticas de confiabilidad e integridad de la información de la entidad y recomienda, según sea apropiado, mejoras o implementación de nuevos controles y salvaguardas | H103: 100 | I103: Se elaboran los informes de seguimiento al plan anticorrupcion y atencion al ciudadano cada (4) cuatro meses, los cuales son revisados y aprobados por los responsables y demás infomes de Ley aplicables a la entidad.
G104: Informar sobre la confiabilidad y la integridad de la información y las exposiciones a riesgos asociados y las violaciones a estas | H104: 90 | I104: Cuando se detectan inconsistencias en el manejo de la informacion son reportadas a los responsables.
G105: Proporcionar información respecto a la integridad, exactitud y calidad de la comunicación en consonancia con las necesidades de la alta dirección | H105: 90 | I105: Cuando se detectan inconsistencias en el manejo de la informacion son reportadas a los responsables.
G106: Comunicar a la primera y la segunda línea, aquellos aspectos que se requieren fortalecer relacionados con la información y comunicación | H106: 70 | I106: Cuando se detectan inconsistencias en el manejo de la informacion son reportadas a los responsables.
...

Sheet Gráficas
C3: RESULTADOS POLÍTICA CONTROL INTERNO
C6: 1. Calificación total:
J11: Niveles | K11: Calificación
I12: =Inicio!C4 -> POLÍTICA CONTROL INTERNO | J12: 100 | K12: =+Autodiagnóstico!G7 -> 77.62931
C28: 2. Calificación por componentes:
J33: Variable | K33: Rangos | L33: Puntaje actual
J34: =+Autodiagnóstico!C11 -> Ambiente de Control | K34: 100 | L34: =+Autodiagnóstico!D11 -> 77.045455
J35: =+Autodiagnóstico!C36 -> Gestión de los riesgos institucionales | K35: 100 | L35: =+Autodiagnóstico!D36 -> 73.035714
J36: =+Autodiagnóstico!C64 -> Actividades de Control | K36: 100 | L36: =+Autodiagnóstico!D64 -> 69.782609
J37: =+Autodiagnóstico!C87 -> Información y Comunicación | K37: 100 | L37: =+Autodiagnóstico!D87 -> 82.75
J38: =+Autodiagnóstico!C107 -> Monitoreo o supervisión continua | K38: 100 | L38: =+Autodiagnóstico!D107 -> 87.173913
C49: 3. Calificación por categorías:
K51: Categorías del componente 1:
J52: =+Autodiagnóstico!C11 -> Ambiente de Control
J56: Categorías | K56: Niveles | L56: Calificación
J57: =+Autodiagnóstico!E11 -> Diseño adecuado y efectivo del componente Ambiente de Control | K57: 100 | L57: =+Autodiagnóstico!F11 -> 86
J58: =+Autodiagnóstico!E16 -> Responsabilidades de la Alta dirección y Comité Institucional de Coordinación de Control Interno (línea estratégica) | K58: 100 | L58: =+Autodiagnóstico!F16 -> 70
J59: =+Autodiagnóstico!E20 -> Responsabilidades gerentes públicos y líderes de proceso (primera Línea de defensa) | K59: 100 | L59: =+Autodiagnóstico!F20 -> 73.333333
J60: =+Autodiagnóstico!E25 -> Responsabilidades de los servidores encargados del monitoreo y evaluación de controles y gestión del riesgo (segunda línea de defensa) | K60: 100 | L60: =+Autodiagnóstico!F25 -> 75
J61: =+Autodiagnóstico!E31 -> Responsabilidades del área de control interno (tercera línea de defensa) | K61: 100 | L61: =+Autodiagnóstico!F31 -> 78
K76: Categorías del componente 2
J77: =+Autodiagnóstico!C36 -> Gestión de los riesgos institucionales
J80: Acciones | K80: Niveles | L80: Calificación
J81: =+Autodiagnóstico!E36 -> Diseño adecuado y efectivo del componente Gestión de Riesgos | K81: 100 | L81: =+Autodiagnóstico!F36 -> 74
J82: =+Autodiagnóstico!E41 -> Responsabilidades de la Alta dirección y Comité Institucional de Coordinación de Control Interno (línea estratégica) | K82: 100 | L82: =+Autodiagnóstico!F41 -> 75
J83: =+Autodiagnóstico!E46 -> Responsabilidades gerentes públicos y líderes de proceso (primera Línea de defensa) | K83: 100 | L83: =+Autodiagnóstico!F46 -> 67.5
J84: =+Autodiagnóstico!E50 -> Responsabilidades de los servidores encargados del monitoreo y evaluación de controles y gestión del riesgo (segunda línea de defensa) | K84: 100 | L84: =+Autodiagnóstico!F50 -> 73.333333
J85: =+Autodiagnóstico!E59 -> Responsabilidades del área de control interno | K85: 100 | L85: =+Autodiagnóstico!F59 -> 74
K101: Categorías del componente 3:
K102: =+Autodiagnóstico!C64 -> Actividades de Control
J105: Categorías | K105: Niveles | L105: Calificación
J106: =+Autodiagnóstico!E64 -> Diseño adecuado y efectivo del componente Actividades de Control | K106: 100 | L106: =+Autodiagnóstico!F64 -> 70
J107: =+Autodiagnóstico!E67 -> Responsabilidades de la Alta dirección y Comité Institucional de Coordinación de Control Interno (línea estratégica) | K107: 100 | L107: =+Autodiagnóstico!F67 -> 70
J108: =+Autodiagnóstico!E69 -> Responsabilidades gerentes públicos y líderes de proceso (primera Línea de defensa) | K108: 100 | L108: =+Autodiagnóstico!F69 -> 73
J109: =+Autodiagnóstico!E74 -> Responsabilidades de los servidores encargados del monitoreo y evaluación de controles y gestión del riesgo (segunda línea de defensa) | K109: 100 | L109: =+Autodiagnóstico!F74 -> 70
J110: =+Autodiagnóstico!E82 -> Responsabilidades del área de control interno | K110: 100 | L110: =+Autodiagnóstico!F82 -> 66
K126: Categorías del componente 4:
K127: =+Autodiagnóstico!C87 -> Información y Comunicación
J130: Categorías | K130: Niveles | L130: Calificación
J131: =+Autodiagnóstico!E87 -> Diseño adecuado y efectivo del componente Información y Comunicación | K131: 100 | L131: =+Autodiagnóstico!F87 -> 76.666667
J132: =+Autodiagnóstico!E90 -> Responsabilidades de la Alta dirección y Comité Institucional de Coordinación de Control Interno (línea estratégica) | K132: 100 | L132: =+Autodiagnóstico!F90 -> 75
J133: =+Autodiagnóstico!E92 -> Responsabilidades gerentes públicos y líderes de proceso (primera Línea de defensa) | K133: 100 | L133: =+Autodiagnóstico!F92 -> 84.166667
J134: =+Autodiagnóstico!E98 -> Responsabilidades de los servidores encargados del monitoreo y evaluación de controles y gestión del riesgo (segunda línea de defensa) | K134: 100 | L134: =+Autodiagnóstico!F98 -> 84
J135: =+Autodiagnóstico!E103 -> Responsabilidades del área de control interno | K135: 100 | L135: =+Autodiagnóstico!F103 -> 87.5
K150: Categorías del componente 5:
K151: =+Autodiagnóstico!C107 -> Monitoreo o supervisión continua
K155: =+Autodiagnóstico!E107 -> Diseño adecuado y efectivo del componente Monitoreo o Supervisión Continua | L155: 100 | M155: =+Autodiagnóstico!F107 -> 88.888889
K156: =+Autodiagnóstico!E116 -> Responsabilidades de la Alta dirección y Comité Institucional de Coordinación de Control Interno (línea estratégica) | L156: 100 | M156: =+Autodiagnóstico!F116 -> 90
K157: =+Autodiagnóstico!E119 -> Responsabilidades gerentes públicos y líderes de proceso (primera Línea de defensa) | L157: 100 | M157: =+Autodiagnóstico!F119 -> 90
K158: =+Autodiagnóstico!E122 -> Responsabilidades de los servidores encargados del monitoreo y evaluación de controles y gestión del riesgo (segunda línea de defensa) | L158: 100 | M158: =+Autodiagnóstico!F122 -> 83.75
K159: =+Autodiagnóstico!E126 -> Responsabilidades del área de control interno | L159: 100 | M159: =+Autodiagnóstico!F126 -> 82.5
K181: INICIO

Sheet Plan de Acción
C4: PLAN DE IMPLEMENTACIÓN CONTROL INTERNO
C6: COMPONENTES | D6: CATEGORÍAS | E6: ACTIVIDADES DE GESTIÓN | F6: PUNTAJE | G6: GUÍAS Y NORMAS TÉCNICAS | H6: BUENAS PRÁCTICAS E INNOVACIÓN | I6: NORMATIVIDAD | J6: OTROS | K6: DISEÑE ALTERNATIVAS DE MEJORA | L6: MEJORAS A IMPLEMENTAR (INCLUIR PLAZO DE LA IMPLEMENTACIÓN) | M6: EVALUACIÓN DE LA EFICACIA DE LAS ACCIONES IMPLEMENTADAS
C8: Ambiente de Control | D8: Diseño adecuado y efectivo del componente Ambiente de Control | E8: =+Autodiagnóstico!G11 -> Demostrar el compromiso con la integridad (valores) y principios del servicio público, por parte detodos los servidores de la entidad, independientemente de las funciones que desepeñan | F8: =+Autodiagnóstico!H11 -> 80
E9: =+Autodiagnóstico!G12 -> Cumplir las funciones de supervisión del desempeño del Sistema de Control Interno y determinar las mejoras a que haya lugar, por parte del Comité Institucional de Coordinación de Control Interno | F9: =+Autodiagnóstico!H12 -> 80
E10: =+Autodiagnóstico!G13 -> Asumir la responsabilidad y el compromiso de establecer los niveles de responsabilidad y autoridad apropiados para la consecución de los objetivos institucionales, por parte de la alta dirección | F10: =+Autodiagnóstico!H13 -> 90
E11: =+Autodiagnóstico!G14 -> Dar carácter estratégico a la gestión del talento humano de manera que todas sus actividades estén alineadas con los objetivos de la entidad | F11: =+Autodiagnóstico!H14 -> 90
E12: =+Autodiagnóstico!G15 -> Asignar en personas idóneas, las responsabilidades para la gestión de los riesgos y del control | F12: =+Autodiagnóstico!H15 -> 90
D13: Responsabilidades de la Alta dirección y Comité Institucional de Coordinación de Control Interno (línea estratégica) | E13: =+Autodiagnóstico!G16 -> Cumplir con los estándares de conducta y la práctica de los principios del servicio público | F13: =+Autodiagnóstico!H16 -> 60
E14: =+Autodiagnóstico!G17 -> Orientar el Direccionamiento Estratégico y la Planeación Institucional | F14: =+Autodiagnóstico!H17 -> 70
E15: =+Autodiagnóstico!G18 -> Determinar las políticas y estrategias que aseguran que la estructura, procesos, autoridad y responsabilidad estén claramente definidas para el logro de los objetivos de la entidad | F15: =+Autodiagnóstico!H18 -> 70
E16: =+Autodiagnóstico!G19 -> Desarrollar los mecanismos incorporados en la Gestión Estratégica del Talento Humano | F16: =+Autodiagnóstico!H19 -> 80
D17: Responsabilidades gerentes públicos y líderes de proceso (primera Línea de defensa) | E17: =+Autodiagnóstico!G20 -> Promover y cumplir, a través de su ejemplo, los estándares de conducta y la práctica de los principios del servicio público, en el marco de integridad | F17: =+Autodiagnóstico!H20 -> 70
E18: =+Autodiagnóstico!G21 -> Evaluar el cumplimiento de los estándares de conducta y la práctica de la integridad (valores) y principios del servicio público de sus equipos de trabajo | F18: =+Autodiagnóstico!H21 -> 70
E19: =+Autodiagnóstico!G22 -> Proveer información a la alta dirección sobre el funcionamiento de la entidad y el desempeño de los responsables en el cumplimiento de los objetivos, para tomar decisiones a que haya lugar | F19: =+Autodiagnóstico!H22 -> 80
E20: =+Autodiagnóstico!G23 -> Cumplir las políticas y estrategias establecidas para el desarrollo de los servidores a su cargo, evaluar su desempeño y establecer las medidas de mejora | F20: =+Autodiagnóstico!H23 -> 0
E21: =+Autodiagnóstico!G24 -> Asegurar que las personas y actividades a su cargo, estén adecuadamente alineadas con la administración | F21: =+Autodiagnóstico!H24 -> 0
D22: Responsabilidades de los servidores encargados del monitoreo y evaluación de controles y gestión del riesgo (segunda línea de defensa) | E22: =+Autodiagnóstico!G25 -> Aplicar los estándares de conducta e Integridad (valores) y los principios del servicio público | F22: =+Autodiagnóstico!H25 -> 60
E23: =+Autodiagnóstico!G26 -> Facilitar la implementación, monitorear la apropiación de dichos estándares por parte de los servidores públicos y alertar a los líderes de proceso, cuando sea el caso | F23: =+Autodiagnóstico!H26 -> 80
E24: =+Autodiagnóstico!G27 -> Apoyar a la alta dirección, los gerentes públicos y los líderes de proceso para un adecuado y efectivo ejercicio de la gestión de los riesgos que afectan el cumplimiento de los objetivos y metas organizacionales | F24: =+Autodiagnóstico!H27 -> 80
E25: =+Autodiagnóstico!G28 -> Trabajar coordinadamente con los directivos y demás responsables del cumplimiento de los objetivos de la entidad | F25: =+Autodiagnóstico!H28 -> 75
E26: =+Autodiagnóstico!G29 -> Monitorear y supervisar el cumplimiento e impacto del plan de desarrollo del talento humano y determinar las acciones de mejora correspondientes, por parte del área de talento humano | F26: =+Autodiagnóstico!H29 -> 80
E27: =+Autodiagnóstico!G30 -> Analizar e informar a la alta dirección, los gerentes públicos y los líderes de proceso sobre los resultados de la evaluación del desempeño y se toman acciones de mejora y planes de mejoramiento individuales, rotación de personal | F27: =+Autodiagnóstico!H30 -> 0
D28: Responsabilidades del área de control interno (tercera línea de defensa) | E28: =+Autodiagnóstico!G31 -> Evaluar la eficacia de las estrategias de la entidad para promover la integridad en el servicio público, especialmente, si con ella se orienta efectivamente el comportamiento de los servidores hacia el cumplimiento de los estándares de conducta e Integridad (valores) y los principios del servicio público; y si apalancan una gestión permanente de los riesgos y la eficacia de los controles | F28: =+Autodiagnóstico!H31 -> 70
E29: =+Autodiagnóstico!G32 -> Evaluar el diseño y efectividad de los controles y provee información a la alta dirección y al Comité de Coordinación de Control Interno referente a la efectividad y utilidad de los mismos | F29: =+Autodiagnóstico!H32 -> 80
E30: =+Autodiagnóstico!G33 -> Proporcionar información sobre la idoneidad y efectividad del esquema operativo de la entidad, el flujo de información, las políticas de operación, y en general, el ejercicio de las responsabilidades en la consecución de los objetivos | F30: =+Autodiagnóstico!H33 -> 80
E31: =+Autodiagnóstico!G34 -> Ejercer la auditoría interna de manera técnica y acorde con las políticas y prácticas apropiadas | F31: =+Autodiagnóstico!H34 -> 80
E32: =+Autodiagnóstico!G35 -> Proporcionar información sobre el cumplimiento de responsabilidades específicas de control interno | F32: =+Autodiagnóstico!H35 -> 80
C33: Gestión de los riesgos institucionales | D33: Diseño adecuado y efectivo del componente Gestión de Riesgos | E33: =+Autodiagnóstico!G36 -> Identificar acontecimientos potenciales que, de ocurrir, afectarían a la entidad | F33: =+Autodiagnóstico!H36 -> 75
E34: =+Autodiagnóstico!G37 -> Brindar atención prioritaria a los riesgos de carácter negativo y de mayor impacto potencial | F34: =+Autodiagnóstico!H37 -> 75
E35: =+Autodiagnóstico!G38 -> Considerar la probabilidad de fraude que pueda afectar la adecuada gestión institucional | F35: =+Autodiagnóstico!H38 -> 60
E36: =+Autodiagnóstico!G39 -> Identificar y evaluar los cambios que pueden afectar los riesgos al Sistema de Control Interno | F36: =+Autodiagnóstico!H39 -> 80
E37: =+Autodiagnóstico!G40 -> Dar cumplimiento al artículo 73 de la Ley 1474 de 2011, relacionado con la prevención de los riesgos de corrupción, - mapa de riesgos de corrupción. | F37: =+Autodiagnóstico!H40 -> 80
D38: Responsabilidades de la Alta dirección y Comité Institucional de Coordinación de Control Interno (línea estratégica) | E38: =+Autodiagnóstico!G41 -> Establecer objetivos institucionales alineados con el propósito fundamental, metas y estrategias de la entidad | F38: =+Autodiagnóstico!H41 -> 65
E39: =+Autodiagnóstico!G42 -> Establecer la Política de Administración del Riesgo | F39: =+Autodiagnóstico!H42 -> 80
E40: =+Autodiagnóstico!G43 -> Asumir la responsabilidad primaria del Sistema de Control Interno y de la identificación y evaluación de los cambios que podrían tener un impacto significativo en el mismo | F40: =+Autodiagnóstico!H43 -> 80
E41: =+Autodiagnóstico!G44 -> Específicamente el Comité Institucional de Coordinación de Control Interno, evaluar y dar línea sobre la administración de los riesgos en la entidad | F41: =+Autodiagnóstico!H44 -> 70
E42: =+Autodiagnóstico!G45 -> Realimentar a la alta dirección sobre el monitoreo y efectividad de la gestión del riesgo y de los controles. Así mismo, hacer seguimiento a su gestión, gestionar los riesgos y aplicar los controles | F42: =+Autodiagnóstico!H45 -> 80
D43: Responsabilidades gerentes públicos y líderes de proceso (primera Línea de defensa) | E43: =+Autodiagnóstico!G46 -> Identificar y valorar los riesgos que pueden afectar el logro de los objetivos institucionales | F43: =+Autodiagnóstico!H46 -> 70
E44: =+Autodiagnóstico!G47 -> Definen y diseñan los controles a los riesgos | F44: =+Autodiagnóstico!H47 -> 70
E45: =+Autodiagnóstico!G48 -> A partir de la política de administración del riesgo, establecer sistemas de gestión de riesgos y las responsabilidades para controlar riesgos específicos bajo la supervisión de la alta dirección. Con base en esto, establecen los mapas de riesgos | F45: =+Autodiagnóstico!H48 -> 70
E46: =+Autodiagnóstico!G49 -> Identificar y controlar los riesgos relacionados con posibles actos de corrupción en el ejercicio de sus funciones y el cumplimiento de sus objetivos, así como en la prestación del servicio y/o relacionados con el logro de los objetivos. Implementan procesos para identificar, disuadir y detectar fraudes; y revisan la exposición de la entidad al fraude con el auditor interno de la entidad | F46: =+Autodiagnóstico!H49 -> 60
D47: Responsabilidades de los servidores encargados del monitoreo y evaluación de controles y gestión del riesgo (segunda línea de defensa) | E47: =+Autodiagnóstico!G50 -> Informar sobre la incidencia de los riesgos en el logro de objetivos y evaluar si la valoración del riesgo es la apropiada | F47: =+Autodiagnóstico!H50 -> 60
E48: =+Autodiagnóstico!G51 -> Asegurar que las evaluaciones de riesgo y control incluyan riesgos de fraude | F48: =+Autodiagnóstico!H51 -> 60
E49: =+Autodiagnóstico!G52 -> Ayudar a la primera línea con evaluaciones del impacto de los cambios en el SCI | F49: =+Autodiagnóstico!H52 -> 70
E50: =+Autodiagnóstico!G53 -> Monitorear cambios en el riesgo legal, regulatorio y de cumplimiento | F50: =+Autodiagnóstico!H53 -> 80
E51: =+Autodiagnóstico!G54 -> Consolidar los seguimientos a los mapas de riesgo | F51: =+Autodiagnóstico!H54 -> 80
E52: =+Autodiagnóstico!G55 -> Establecer un líder de la gestión de riesgos para coordinar las actividades en esta materia | F52: =+Autodiagnóstico!H55 -> 80
E53: =+Autodiagnóstico!G56 -> Elaborar informes consolidados para las diversas partes interesadas | F53: =+Autodiagnóstico!H56 -> 80
E54: =+Autodiagnóstico!G57 -> Seguir los resultados de las acciones emprendidas para mitigar los riesgos, cuando haya lugar | F54: =+Autodiagnóstico!H57 -> 80
E55: =+Autodiagnóstico!G58 -> Los supervisores e interventores de contratos deben realizar seguimiento a los riesgos de estos e informar las alertas respectivas | F55: =+Autodiagnóstico!H58 -> 70
D56: Responsabilidades del área de control interno | E56: =+Autodiagnóstico!G59 -> Asesorar en metodologías para la identificación y administración de los riesgos, en coordinación con la segunda línea de defensa | F56: =+Autodiagnóstico!H59 -> 80
E57: =+Autodiagnóstico!G60 -> Identificar y evaluar cambios que podrían tener un impacto significativo en el SCI, durante las evaluaciones periódicas de riesgos y en el curso del trabajo de auditoría interna | F57: =+Autodiagnóstico!H60 -> 80
E58: =+Autodiagnóstico!G61 -> Comunicar al Comité de Coordinación de Control Interno posibles cambios e impactos en la evaluación del riesgo, detectados en las auditorías | F58: =+Autodiagnóstico!H61 -> 70
E59: =+Autodiagnóstico!G62 -> Revisar la efectividad y la aplicación de controles, planes de contingencia y actividades de monitoreo vinculadas a riesgos claves de la entidad | F59: =+Autodiagnóstico!H62 -> 80
E60: =+Autodiagnóstico!G63 -> Alertar sobre la probabilidad de riesgo de fraude o corrupción en las áreas auditadas | F60: =+Autodiagnóstico!H63 -> 60
C61: Actividades de Control | D61: Diseño adecuado y efectivo del componente Actividades de Control | E61: =+Autodiagnóstico!G64 -> Determinar acciones que contribuyan a mitigar todos los riesgos institucionales | F61: =+Autodiagnóstico!H64 -> 70
E62: =+Autodiagnóstico!G65 -> Definir controles en materia de tecnologías de la información y la comunicación TIC. | F62: =+Autodiagnóstico!H65 -> 60
E63: =+Autodiagnóstico!G66 -> Implementar políticas de operación mediante procedimientos u otros mecanismos que den cuenta de su aplicación en materia de control | F63: =+Autodiagnóstico!H66 -> 80
D64: Responsabilidades de la Alta dirección y Comité Institucional de Coordinación de Control Interno (línea estratégica) | E64: =+Autodiagnóstico!G67 -> Establecer las políticas de operación encaminadas a controlar los riesgos que pueden llegar a incidir en el cumplimiento de los objetivos institucionales | F64: =+Autodiagnóstico!H67 -> 70
E65: =+Autodiagnóstico!G68 -> Hacer seguimiento a la adopción, implementación y aplicación de controles | F65: =+Autodiagnóstico!H68 -> 70
D66: Responsabilidades gerentes públicos y líderes de proceso (primera Línea de defensa) | E66: =+Autodiagnóstico!G69 -> Mantener controles internos efectivos para ejecutar procedimientos de riesgo y control en el día a día | F66: =+Autodiagnóstico!H69 -> 75
E67: =+Autodiagnóstico!G70 -> Diseñar e implementar procedimientos detallados que sirvan como controles, a través de una estructura de responsabilidad en cascada, y supervisar la ejecución de esos procedimientos por parte de los servidores públicos a su cargo | F67: =+Autodiagnóstico!H70 -> 70
E68: =+Autodiagnóstico!G71 -> Establecer responsabilidades por las actividades de control y asegurar que personas competentes, con autoridad suficiente, efectúen dichas actividades con diligencia y de manera oportuna | F68: =+Autodiagnóstico!H71 -> 80
E69: =+Autodiagnóstico!G72 -> Asegurar que el personal responsable investigue y actúe sobre asuntos identificados como resultado de la ejecución de actividades de control | F69: =+Autodiagnóstico!H72 -> 70
E70: =+Autodiagnóstico!G73 -> Diseñar e implementar las respectivas actividades de control. Esto incluye reajustar y comunicar políticas y procedimientos relacionados con la tecnología y asegurar que los controles de TI son adecuados para apoyar el logro de los objetivos | F70: =+Autodiagnóstico!H73 -> 70
D71: Responsabilidades de los servidores encargados del monitoreo y evaluación de controles y gestión del riesgo (segunda línea de defensa) | E71: =+Autodiagnóstico!G74 -> Supervisar el cumplimiento de las políticas y procedimientos específicos establecidos por los gerentes públicos y líderes de proceso | F71: =+Autodiagnóstico!H74 -> 80
E72: =+Autodiagnóstico!G75 -> Asistir a la gerencia operativa en el desarrollo y comunicación de políticas y procedimientos | F72: =+Autodiagnóstico!H75 -> 70
E73: =+Autodiagnóstico!G76 -> Asegurar que los riesgos son monitoreados en relación con la política de administración de riesgo establecida para la entidad | F73: =+Autodiagnóstico!H76 -> 70
E74: =+Autodiagnóstico!G77 -> Revisar periódicamente las actividades de control para determinar su relevancia y actualizarlas de ser necesario | F74: =+Autodiagnóstico!H77 -> 80
E75: =+Autodiagnóstico!G78 -> Supervisar el cumplimiento de las políticas y procedimientos específicos establecidos por la primera línea | F75: =+Autodiagnóstico!H78 -> 80
E76: =+Autodiagnóstico!G79 -> Realizar monitoreo de los riesgos y controles tecnológicos | F76: =+Autodiagnóstico!H79 -> 60
E77: =+Autodiagnóstico!G80 -> Grupos como los departamentos de seguridad de la información también pueden desempeñar papeles importantes en la selección, desarrollo y mantenimiento de controles sobre la tecnología, según lo designado por la administración | F77: =+Autodiagnóstico!H80 -> 60
E78: =+Autodiagnóstico!G81 -> Establecer procesos para monitorear y evaluar el desarrollo de exposiciones al riesgo relacionadas con tecnología nueva y emergente | F78: =+Autodiagnóstico!H81 -> 60
D79: Responsabilidades del área de control interno | E79: =+Autodiagnóstico!G82 -> Verificar que los controles están diseñados e implementados de manera efectiva y operen como se pretende para controlar los riesgos | F79: =+Autodiagnóstico!H82 -> 60
E80: =+Autodiagnóstico!G83 -> Suministrar recomendaciones para mejorar la eficiencia y eficacia de los controles. | F80: =+Autodiagnóstico!H83 -> 70
E81: =+Autodiagnóstico!G84 -> Proporcionar seguridad razonable con respecto al diseño e implementación de políticas, procedimientos y otros controles | F81: =+Autodiagnóstico!H84 -> 65
E82: =+Autodiagnóstico!G85 -> Evaluar si los procesos de gobierno de TI de la entidad apoyan las estrategias y los objetivos de la entidad | F82: =+Autodiagnóstico!H85 -> 70
E83: =+Autodiagnóstico!G86 -> Proporcionar información sobre la eficiencia, efectividad e integridad de los controles tecnológicos y, según sea apropiado, puede recomendar mejoras a las actividades de control específicas | F83: =+Autodiagnóstico!H86 -> 65
C84: Información y Comunicación | D84: Diseño adecuado y efectivo del componente Información y Comunicación | E84: =+Autodiagnóstico!G87 -> Obtener, generar y utilizar información relevante y de calidad para apoyar el funcionamiento del control interno. | F84: =+Autodiagnóstico!H87 -> 70
E85: =+Autodiagnóstico!G88 -> Comunicar internamente la información requerida para apoyar el funcionamiento del Sistema de Control Interno. | F85: =+Autodiagnóstico!H88 -> 80
E86: =+Autodiagnóstico!G89 -> Comunicarse con los grupos de valor, sobre los aspectos claves que afectan el funcionamiento del control interno. | F86: =+Autodiagnóstico!H89 -> 80
D87: Responsabilidades de la Alta dirección y Comité Institucional de Coordinación de Control Interno (línea estratégica) | E87: =+Autodiagnóstico!G90 -> Responder por la fiabilidad, integridad y seguridad de la información, incluyendo la información crítica de la entidad independientemente de cómo se almacene | F87: =+Autodiagnóstico!H90 -> 80
E88: =+Autodiagnóstico!G91 -> Establecer políticas apropiadas para el reporte de información fuera de la entidad y directrices sobre información de carácter reservado, personas autorizadas para brindar información, regulaciones de privacidad y tratamiento de datos personales, y en general todo lo relacionado con la comunicación de la información fuera de la entidad. | F88: =+Autodiagnóstico!H91 -> 70
D89: Responsabilidades gerentes públicos y líderes de proceso (primera Línea de defensa) | E89: =+Autodiagnóstico!G92 -> Gestionar información que da cuenta de las actividades cotidianas, compartiéndola en toda la entidad | F89: =+Autodiagnóstico!H92 -> 90
E90: =+Autodiagnóstico!G93 -> Desarrollar y mantener procesos de comunicación facilitando que todas las personas entiendan y lleven a cabo sus responsabilidades de control interno | F90: =+Autodiagnóstico!H93 -> 90
E91: =+Autodiagnóstico!G94 -> Facilitar canales de comunicación, tales como líneas de denuncia que permiten la comunicación anónima o confidencial, como complemento a los canales normales | F91: =+Autodiagnóstico!H94 -> 90
E92: =+Autodiagnóstico!G95 -> Asegurar que entre los procesos fluya información relevante y oportuna, así como hacia los ciudadanos, organismos de control y otros externos | F92: =+Autodiagnóstico!H95 -> 60
E93: =+Autodiagnóstico!G96 -> Informar sobre la evaluación a la gestión institucional y a resultados | F93: =+Autodiagnóstico!H96 -> 90
E94: =+Autodiagnóstico!G97 -> Implementar métodos de comunicación efectiva | F94: =+Autodiagnóstico!H97 -> 85
D95: Responsabilidades de los servidores encargados del monitoreo y evaluación de controles y gestión del riesgo (segunda línea de defensa) | E95: =+Autodiagnóstico!G98 -> Recopilar información y comunicarla de manera resumida a la primera y la tercera línea de defensa con respecto a controles específicos | F95: =+Autodiagnóstico!H98 -> 90
E96: =+Autodiagnóstico!G99 -> Considerar costos y beneficios, asegurando que la naturaleza, cantidad y precisión de la información comunicada sean proporcionales y apoyen el logro de los objetivos | F96: =+Autodiagnóstico!H99 -> 80
E97: =+Autodiagnóstico!G100 -> Apoyar el monitoreo de canales de comunicación, incluyendo líneas telefónicas de denuncias | F97: =+Autodiagnóstico!H100 -> 80
E98: =+Autodiagnóstico!G101 -> Proporcionar a la gerencia información sobre los resultados de sus actividades | F98: =+Autodiagnóstico!H101 -> 80
E99: =+Autodiagnóstico!G102 -> Comunicar a la alta dirección asuntos que afectan el funcionamiento del control interno | F99: =+Autodiagnóstico!H102 -> 90
D100: Responsabilidades del área de control interno | E100: =+Autodiagnóstico!G103 -> Evaluar periódicamente las prácticas de confiabilidad e integridad de la información de la entidad y recomienda, según sea apropiado, mejoras o implementación de nuevos controles y salvaguardas | F100: =+Autodiagnóstico!H103 -> 100
E101: =+Autodiagnóstico!G104 -> Informar sobre la confiabilidad y la integridad de la información y las exposiciones a riesgos asociados y las violaciones a estas | F101: =+Autodiagnóstico!H104 -> 90
E102: =+Autodiagnóstico!G105 -> Proporcionar información respecto a la integridad, exactitud y calidad de la comunicación en consonancia con las necesidades de la alta dirección | F102: =+Autodiagnóstico!H105 -> 90
E103: =+Autodiagnóstico!G106 -> Comunicar a la primera y la segunda línea, aquellos aspectos que se requieren fortalecer relacionados con la información y comunicación | F103: =+Autodiagnóstico!H106 -> 70
C104: Monitoreo o supervisión continua | D104: Diseño adecuado y efectivo del componente Monitoreo o Supervisión Continua | E104: =+Autodiagnóstico!G107 -> Realizar autoevaluaciones continuas y evaluaciones independientes para determinar el avance en el logro de las metas, resultados y objetivos propuestos, así como la existencia y operación de los componentes del Sistema de Control Interno | F104: =+Autodiagnóstico!H107 -> 85
E105: =+Autodiagnóstico!G108 -> Evaluar y comunicar las deficiencias de control interno de forma oportuna a las partes responsables de aplicar medidas correctivas | F105: =+Autodiagnóstico!H108 -> 85
...
